TOP OF THE 1ST |
Buffalo Bisons batting - Pitching for Toledo Mud Hens : RHP Carlos Diaz
|
Pitching: RHP Carlos Diaz
|
|
Batting: RHB Juan Villa
|
0-0: Ball 1-0: Called Strike 1-1: Fly out, F8 (Flyball, 89M, EV 94.4 MPH)
|
Batting: LHB Phillip Baskerville
|
0-0: Called Strike 0-1: Ball 1-1: Called Strike 1-2: Ball 2-2: Ball 3-2: Foul Ball, location: 2F 3-2: Strikes out looking
|
Batting: SHB George D Wright
|
0-0: Ball 1-0: Swinging Strike 1-1: Ball 2-1: Swinging Strike 2-2: Ball 3-2: Fly out, F7 (Flyball, 7S, EV 92.5 MPH)
|
Top of the 1st over - 0 runs, 0 hits, 0 errors, 0 left on base; Buffalo 0 - Toledo 0 |
BOTTOM OF THE 1ST |
Toledo Mud Hens batting - Pitching for Buffalo Bisons : RHP Bill Landrum
|
Pitching: RHP Bill Landrum
|
|
Batting: LHB Rich Coggins
|
0-0: Swinging Strike 0-1: Ball 1-1: DOUBLE (Line Drive, 9LM, EV 89.4 MPH)
|
Batting: LHB Ron Diggle
|
0-0: Called Strike 0-1: Foul Ball, location: 2F 0-2: Ball 1-2: Ground out 1-3 (Groundball, 34S, EV 63.1 MPH) Rich Coggins to third
|
Batting: SHB Ken Henderson
|
0-0: Ball 1-0: Ball 2-0: Called Strike 2-1: Ball 3-1: Swinging Strike 3-2: Base on Balls
|
Batting: RHB Gorman Thomas
|
0-0: Called Strike 0-1: Ball 1-1: Called Strike 1-2: Strikes out swinging
|
Batting: RHB Milt Jefferson
|
0-0: Ball 1-0: Ball 2-0: Ball 3-0: Swinging Strike 3-1: Foul Ball, location: 2F 3-2: Ground out 1-3 (Groundball, 13S, EV 76.3 MPH)
|
Bottom of the 1st over - 0 runs, 1 hit, 0 errors, 2 left on base; Buffalo 0 - Toledo 0 |
TOP OF THE 2ND |
Buffalo Bisons batting - Pitching for Toledo Mud Hens : RHP Carlos Diaz
|
Batting: LHB Gary Rajsich
|
0-0: Ball 1-0: Called Strike 1-1: Ball 2-1: SINGLE (Groundball, 34D, EV 96.9 MPH)
|
Batting: RHB Bill Bathe
|
0-0: Ball 1-0: Ball 2-0: Called Strike 2-1: Swinging Strike 2-2: Fielders Choice at 2nd, 3-6 (Groundball, 23, EV 88.8 MPH)
|
Batting: RHB John Seefried
|
0-0: Called Strike 0-1: Called Strike 0-2: Strikes out swinging
|
Batting: LHB Bob Skube
|
0-0: Ball 1-0: Swinging Strike 1-1: Called Strike 1-2: Strikes out swinging
|
Top of the 2nd over - 0 runs, 1 hit, 0 errors, 1 left on base; Buffalo 0 - Toledo 0 |
BOTTOM OF THE 2ND |
Toledo Mud Hens batting - Pitching for Buffalo Bisons : RHP Bill Landrum
|
Batting: RHB Don Lyle
|
0-0: Foul Ball, location: 2F 0-1: Ball 1-1: Ball 2-1: Ball 3-1: Foul Ball, location: 2F 3-2: Base on Balls
|
Batting: RHB Dennis Odom
|
0-0: Ball 1-0: Fielders Choice at 2nd, 5-4 (Groundball, 56, EV 80.0 MPH)
|
Batting: RHB Larry Patterson
|
0-0: Called Strike 0-1: Ball 1-1: Foul Ball, location: 2F 1-2: SINGLE (Line Drive, 8LS, EV 98.8 MPH) Dennis Odom to second Runner from 2nd tries for 3rd, SAFE, throw by CF made to third
|
Batting: RHB Bucky Dent
|
0-0: Called Strike 0-1: Fielders Choice at 2nd, 5-4 (Groundball, 56S, EV 86.3 MPH) Dennis Odom scores
|
Now at 2B: Nicholas Kintz
|
|
Batting: LHB Rich Coggins
|
0-0: Ball Bucky Dent steals 2nd base 1-0: Foul Ball, location: 2F 1-1: Foul Ball, location: 2F 1-2: Fly out, F8 (Flyball, 8RS, EV 87.5 MPH)
|
Bottom of the 2nd over - 1 run, 1 hit, 0 errors, 1 left on base; Buffalo 0 - Toledo 1 |
TOP OF THE 3RD |
Buffalo Bisons batting - Pitching for Toledo Mud Hens : RHP Carlos Diaz
|
Batting: RHB Pat Keedy
|
0-0: Called Strike 0-1: Ball 1-1: Foul Ball, location: 2F 1-2: Strikes out looking
|
Batting: RHB Nicholas Kintz
|
0-0: Ball 1-0: Called Strike 1-1: Swinging Strike 1-2: Strikes out swinging
|
Batting: RHB Juan Villa
|
0-0: Swinging Strike 0-1: Swinging Strike 0-2: Ball 1-2: Ground out U3 (Groundball, 34S, EV 85.0 MPH)
|
Top of the 3rd over - 0 runs, 0 hits, 0 errors, 0 left on base; Buffalo 0 - Toledo 1 |
BOTTOM OF THE 3RD |
Toledo Mud Hens batting - Pitching for Buffalo Bisons : RHP Bill Landrum
|
Batting: LHB Ron Diggle
|
0-0: Ball 1-0: Foul Ball, location: 2F 1-1: Ground out 4-3 (Groundball, 34, EV 101.3 MPH)
|
Batting: SHB Ken Henderson
|
0-0: Ground out U3 (Groundball, 34S, EV 80.0 MPH)
|
Batting: RHB Gorman Thomas
|
0-0: Ball 1-0: Fly out, F9 (Flyball, 9, EV 80.0 MPH)
|
Bottom of the 3rd over - 0 runs, 0 hits, 0 errors, 0 left on base; Buffalo 0 - Toledo 1 |
TOP OF THE 4TH |
Buffalo Bisons batting - Pitching for Toledo Mud Hens : RHP Carlos Diaz
|
Batting: LHB Phillip Baskerville
|
0-0: Fly out, F8 (Flyball, 89M, EV 81.9 MPH)
|
Batting: SHB George D Wright
|
0-0: Called Strike 0-1: Reached on error, E5 (Groundball, 56S, EV 80.6 MPH)
|
Batting: LHB Gary Rajsich
|
0-0: Foul Ball, location: 2F 0-1: Ball 1-1: Fly out, F7 (Flyball, 7D, EV 105.0 MPH)
|
Batting: RHB Bill Bathe
|
0-0: Foul Ball, location: 2F 0-1: Swinging Strike 0-2: Ball 1-2: Ball 2-2: Strikes out swinging
|
Top of the 4th over - 0 runs, 0 hits, 1 error, 1 left on base; Buffalo 0 - Toledo 1 |
BOTTOM OF THE 4TH |
Toledo Mud Hens batting - Pitching for Buffalo Bisons : RHP Bill Landrum
|
Batting: RHB Milt Jefferson
|
0-0: Called Strike 0-1: Swinging Strike 0-2: Fly out, F7 (Flyball, 7S, EV 95.0 MPH)
|
Batting: RHB Don Lyle
|
0-0: SINGLE (Line Drive, 9S, EV 95.6 MPH)
|
Batting: RHB Dennis Odom
|
0-0: Called Strike 0-1: Ball 1-1: Swinging Strike 1-2: Ball Pickoff Throw to First - Out! 1-3 2-2: Ball 3-2: Base on Balls
|
Batting: RHB Larry Patterson
|
0-0: Ball 1-0: Foul Ball, location: 2F 1-1: Foul Ball, location: 2F 1-2: Ball 2-2: Ball Dennis Odom is caught stealing 2nd base 2-4
|
Bottom of the 4th over - 0 runs, 1 hit, 0 errors, 0 left on base; Buffalo 0 - Toledo 1 |
TOP OF THE 5TH |
Buffalo Bisons batting - Pitching for Toledo Mud Hens : RHP Carlos Diaz
|
Batting: RHB John Seefried
|
0-0: Called Strike 0-1: Foul Ball, location: 2F 0-2: Ball 1-2: Ball 2-2: Ball 3-2: SINGLE (Line Drive, 9S, EV 93.8 MPH)
|
Batting: LHB Bob Skube
|
0-0: Foul Ball, location: 2F 0-1: Called Strike 0-2: Foul Ball, location: 2F 0-2: Ball 1-2: Strikes out swinging
|
Batting: RHB Pat Keedy
|
0-0: Called Strike 0-1: Ball 1-1: SINGLE (Groundball, 2L, EV 69.4 MPH) (infield hit) John Seefried to second
|
Batting: RHB Nicholas Kintz
|
0-0: Ball 1-0: Foul Ball, location: 2F 1-1: Foul Ball, location: 2F 1-2: Foul Ball, location: 2F 1-2: Ball 2-2: Strikes out looking
|
Batting: RHB Juan Villa
|
0-0: Foul Ball, location: 2F 0-1: Fielders Choice at 2nd, 6-4 (Groundball, 6, EV 83.8 MPH)
|
Top of the 5th over - 0 runs, 2 hits, 0 errors, 2 left on base; Buffalo 0 - Toledo 1 |
BOTTOM OF THE 5TH |
Toledo Mud Hens batting - Pitching for Buffalo Bisons : RHP Bill Landrum
|
Batting: RHB Larry Patterson
|
0-0: Ball 1-0: Foul Ball, location: 2F 1-1: Fly out, F9 (Flyball, 9S, EV 83.8 MPH)
|
Batting: RHB Bucky Dent
|
0-0: Ball 1-0: Called Strike 1-1: Ball 2-1: Ground out 5-3 (Groundball, 5S, EV 88.1 MPH)
|
Batting: LHB Rich Coggins
|
0-0: Fly out, F6 (Popup, 6M, EV 68.1 MPH)
|
Bottom of the 5th over - 0 runs, 0 hits, 0 errors, 0 left on base; Buffalo 0 - Toledo 1 |
TOP OF THE 6TH |
Buffalo Bisons batting - Pitching for Toledo Mud Hens : RHP Carlos Diaz
|
Batting: LHB Phillip Baskerville
|
0-0: Ball 1-0: Foul Ball, location: 2F 1-1: Called Strike 1-2: Strikes out swinging
|
Batting: SHB George D Wright
|
0-0: Ground out 6-3 (Groundball, 6, EV 83.8 MPH)
|
Batting: LHB Gary Rajsich
|
0-0: Ball 1-0: Ball 2-0: Ground out 4-3 (Groundball, 4MS, EV 88.8 MPH)
|
Top of the 6th over - 0 runs, 0 hits, 0 errors, 0 left on base; Buffalo 0 - Toledo 1 |
BOTTOM OF THE 6TH |
Toledo Mud Hens batting - Pitching for Buffalo Bisons : RHP Bill Landrum
|
Batting: LHB Ron Diggle
|
0-0: Ball 1-0: Called Strike 1-1: Swinging Strike 1-2: Ball 2-2: Ball 3-2: Foul Ball, location: 2F 3-2: Base on Balls
|
Batting: SHB Ken Henderson
|
0-0: Called Strike 0-1: Ball 1-1: Ball 2-1: Ball 3-1: SINGLE (Flyball, 34D, EV 89.4 MPH) Ron Diggle to second Runner from 2nd tries for 3rd, OUT! 9-5
|
Batting: RHB Gorman Thomas
|
0-0: Ball 1-0: Fly out, F7 (Flyball, 7LS, EV 93.1 MPH)
|
Batting: RHB Milt Jefferson
|
0-0: Ball Ken Henderson steals 2nd base 1-0: Foul Ball, location: 2F 1-1: Foul Ball, location: 2F 1-2: Foul Ball, location: 2F 1-2: Ground out U3 (Groundball, 3, EV 80.0 MPH)
|
Bottom of the 6th over - 0 runs, 1 hit, 0 errors, 1 left on base; Buffalo 0 - Toledo 1 |
TOP OF THE 7TH |
Buffalo Bisons batting - Pitching for Toledo Mud Hens : RHP Carlos Diaz
|
Batting: RHB Bill Bathe
|
0-0: Ground out 6-3 (Groundball, 6, EV 86.3 MPH)
|
Batting: RHB John Seefried
|
0-0: Ball 1-0: Ball 2-0: Swinging Strike 2-1: Ball 3-1: Called Strike 3-2: Base on Balls
|
Pinch Hitting: LHB Doe Boyland
|
0-0: TRIPLE (Flyball, 8RXD, EV 101.9 MPH) John Seefried scores
|
Batting: RHB Pat Keedy
|
0-0: Called Strike 0-1: Foul Ball, location: 2F 0-2: Fly out, F9 (Flyball, 8RM, EV 93.1 MPH) Runner from 3rd tags up, OUT at HOME! 9-2
|
Top of the 7th over - 1 run, 1 hit, 0 errors, 0 left on base; Buffalo 1 - Toledo 1 |
BOTTOM OF THE 7TH |
Toledo Mud Hens batting - Pitching for Buffalo Bisons : RHP Bill Landrum
|
Now at 1B: Doe Boyland
|
|
Batting: RHB Don Lyle
|
0-0: Ball 1-0: Ball 2-0: Called Strike 2-1: Ground out 6-3 (Groundball, 6, EV 93.1 MPH)
|
Batting: RHB Dennis Odom
|
0-0: Ball 1-0: SINGLE (Line Drive, 8LS, EV 91.3 MPH)
|
Batting: RHB Larry Patterson
|
0-0: Ball Dennis Odom steals 2nd base 1-0: Ball 2-0: Foul Ball, location: 2F 2-1: SINGLE (Groundball, 6MD, EV 97.5 MPH) Dennis Odom to third
|
Batting: RHB Bucky Dent
|
0-0: Called Strike 0-1: Fielders Choice at 2nd, 6-4 (Groundball, 6S, EV 87.5 MPH) Dennis Odom scores
|
Batting: LHB Rich Coggins
|
0-0: Ball 1-0: Foul Ball, location: 2F 1-1: SINGLE (Flyball, 34D, EV 88.1 MPH) Bucky Dent to second Runner from 2nd tries for 3rd, SAFE, throw by RF made to third
|
Batting: LHB Ron Diggle
|
0-0: Reached on error, E4 (Groundball, 4, EV 102.5 MPH) Bucky Dent scores Rich Coggins to second
|
Batting: SHB Ken Henderson
|
0-0: Called Strike 0-1: Ball 1-1: Foul Ball, location: 2F 1-2: Ground out 6-3 (Groundball, 56, EV 108.8 MPH)
|
Bottom of the 7th over - 2 runs, 3 hits, 1 error, 2 left on base; Buffalo 1 - Toledo 3 |
TOP OF THE 8TH |
Buffalo Bisons batting - Pitching for Toledo Mud Hens : RHP Carlos Diaz
|
Batting: RHB Nicholas Kintz
|
0-0: Fly out, F6 (Popup, 4M, EV 76.3 MPH)
|
Batting: RHB Juan Villa
|
0-0: Ball 1-0: Ball 2-0: Ball 3-0: Base on Balls
|
Batting: LHB Phillip Baskerville
|
0-0: Fly out, F9 (Flyball, 9S, EV 91.3 MPH)
|
Batting: SHB George D Wright
|
0-0: Fly out, F7 (Flyball, 78M, EV 91.3 MPH)
|
Top of the 8th over - 0 runs, 0 hits, 0 errors, 1 left on base; Buffalo 1 - Toledo 3 |
BOTTOM OF THE 8TH |
Toledo Mud Hens batting - Pitching for Buffalo Bisons : RHP Bill Landrum
|
Batting: RHB Gorman Thomas
|
0-0: Ball 1-0: Ball 2-0: Ball 3-0: Called Strike 3-1: Fly out, F8 (Flyball, 8RXD, EV 102.5 MPH)
|
Batting: RHB Milt Jefferson
|
0-0: Called Strike 0-1: Swinging Strike 0-2: Ball 1-2: Foul Ball, location: 2F 1-2: Strikes out looking
|
Batting: RHB Don Lyle
|
0-0: Ball 1-0: Swinging Strike 1-1: Ball 2-1: Ball 3-1: Swinging Strike 3-2: Strikes out swinging
|
Bottom of the 8th over - 0 runs, 0 hits, 0 errors, 0 left on base; Buffalo 1 - Toledo 3 |
TOP OF THE 9TH |
Buffalo Bisons batting - Pitching for Toledo Mud Hens : RHP Carlos Diaz
|
Pitching: RHP Mackasey Lee
|
|
Batting: LHB Gary Rajsich
|
0-0: Ground out 6-3 (Groundball, 6, EV 83.1 MPH)
|
Batting: RHB Bill Bathe
|
0-0: Called Strike 0-1: Fly out, F9 (Flyball, 9LS, EV 90.0 MPH)
|
Batting: RHB John Seefried
|
0-0: Foul Ball, location: 2F 0-1: Called Strike 0-2: Ball 1-2: Ball 2-2: Foul Ball, location: 2F 2-2: Strikes out looking
|
Top of the 9th over - 0 runs, 0 hits, 0 errors, 0 left on base; Buffalo 1 - Toledo 3 |
|